 Dungeon Sprint DCSS version 0.20-a0-641-g673355a (webtiles) character file.

4584 Kidiri the Thaumaturge (level 10, -1/61 HPs)
             Began as a Deep Elf Fire Elementalist on Feb 13, 2017.
             Was the Champion of Vehumet.
             Killed from afar by a bog body (24 damage)
             ... with a bolt of cold
             ... in the Dungeon (Sprint VII: "The Pits").
             The game lasted 00:12:12 (1419 turns).

Kidiri the Thaumaturge (Deep Elf Fire Elementalist) Turns: 1419, Time: 00:12:14

Health: -1/61      AC:  5    Str:  7    XL:     10   Next: 18%
Magic:  6/30       EV: 18    Int: 24    God:    Vehumet [******]
Gold:   0          SH:  0    Dex: 13    Spells: 9/37 levels left

rFire    . . .     SeeInvis .   v - +2 rapier (drain)
rCold    . . .     Gourm    .   a - +0 robe
rNeg     . . .     Faith    .   (no shield)
rPois    .         Spirit   .   x - +0 helmet
rElec    .         Reflect  .   (no cloak)
rCorr    .         Harm     .   (no gloves)
MR       +....     NoTele   +   (no boots)
Stlth    ++........             (no amulet)
Regen    0.2/turn               (no ring)
MPRegen  0.3/turn               (no ring)

@: no status effects
A: molten scales 1, clumsy 1, strong 1
a: Renounce Religion


You were in the Dungeon.
You worshipped Vehumet.
Vehumet was exalted by your worship.
You were very hungry.

You visited 1 branch

Inventory:

Hand Weapons
 r - a +1 dagger of electrocution
 v - a +2 rapier of draining (weapon)
 w - the +2 halberd "Agorch" {freeze, rElec rPois rN++}
   (You found it in the Dungeon)

   It has been specially enchanted to freeze those struck by it, causing extra
   injury to most foes and up to half again as much damage against particularly
   susceptible opponents.
   It can also slow down cold-blooded creatures.
   It insulates you from electricity.
   It protects you from poison.
   It greatly protects you from negative energy.
Armour
 a - a +0 robe (worn)
 x - a +0 helmet (worn)
Jewellery
 j - a +3 ring of dexterity
 k - a +3 ring of strength
Scrolls
 i - a scroll of blinking
 m - 3 scrolls of remove curse
 n - 5 scrolls of amnesia
 o - a scroll of summoning
Potions
 d - 6 potions of curing
 e - 10 potions of heal wounds
 f - 3 potions of haste
 g - 3 potions of magic
 h - 3 potions of berserk rage
 l - 2 potions of invisibility
 t - a potion of might
 u - 2 potions of agility
Books
 b - a book of Flames

   Spells                             Type                      Level
   a - Flame Tongue                   Conjuration/Fire             1
   b - Throw Flame                    Conjuration/Fire             2
   c - Conjure Flame                  Conjuration/Fire             3
   d - Inner Flame                    Hexes/Fire                   3
   e - Sticky Flame                   Conjuration/Fire             4
   f - Fireball                       Conjuration/Fire             5
Comestibles
 c - 8 bread rations
 p - 40 fruits
 q - 7 meat rations


   Skills:
 + Level 6.5 Fighting
 + Level 7.8 Short Blades
 + Level 6.6 Armour
 + Level 9.9 Dodging
 - Level 2.4 Stealth
 * Level 14.4 Spellcasting
 + Level 8.8 Conjurations
 + Level 9.4 Fire Magic
 + Level 7.0 Air Magic
 + Level 6.8 Poison Magic


You had 9 spell levels left.
You knew the following spells:

 Your Spells              Type           Power        Failure   Level  Hunger
a - Flame Tongue          Conj/Fire      #####        1%          1    None
b - Throw Flame           Conj/Fire      ######       1%          2    None
c - Conjure Flame         Conj/Fire      ######..     1%          3    None
d - Inner Flame           Hex/Fire       #####...     1%          3    None
e - Sticky Flame          Conj/Fire      ######..     1%          4    None
f - Fireball              Conj/Fire      ######....   1%          5    ##.....
g - Bolt of Fire          Conj/Fire      ######....   4%          6    #####..
h - Shock                 Conj/Air       ####         1%          1    None
i - Mephitic Cloud        Conj/Pois/Air  ######..     1%          3    None


Dungeon Overview and Level Annotations

Branches:
Dungeon (1/1)

Altars:
Ashenzari
Cheibriados
Dithmenos
Elyvilon
Fedhas
Gozag
Hepliaklqana
Kikubaaqudgha
Makhleb
Nemelex Xobeh
Okawaru
Qazlal
Ru
Sif Muna
Trog
Uskayaw
Vehumet
Xom
Yredelemnul
Zin
The Shining One
Beogh
Jiyva
Lugonu


Innate Abilities, Weirdness & Mutations

You are partially covered in molten scales. (AC +2)
You are clumsy. (Dex -2)
Your muscles are strong. (Str +2)


Message History

Unknown command.
You see here a spear.
The bog body points at you and mumbles some strange words.
You easily resist.
All of the chunks of flesh in your inventory have rotted away.
There is an open door here.
Unknown command.
The bog body casts a spell at you.
You easily resist.
The bog body gestures at you while chanting.
The bolt of cold misses you.
There is a huge open gate to the Metal Vault (Medium) here.
The bog body points at you and mumbles some strange words.
You easily resist.
There is a huge open gate to the Metal Vault (Medium) here.
You close the huge gate.
Something unseen opens the huge gate.
The bog body gestures at you while chanting.
The bolt of cold hits you!
You die...

#__________# #__________#
#____#####+###########++######
######)))#.##................#
#.?(.+).)+.##......#..#......#
##########)##................+
#........)).+................+
#+#####+#####......#..#......#
#.#..#..#[[##..@....n........#
#.#..+..#))#####+#####''######
#.#..####))##.......##+'#
#.#..#..#))##.......##..#
#.#..#..#..##.......##n.# #+#
#.##+#..#+###...<...##..# ##.#
#.#........##.......##..# ##...
#.#........##.......##..####....
#+###########.......##...##)....


You could see a bog body.

Vanquished Creatures
  An anaconda (D)
  A deep troll (D)
  A lindwurm (D)
  A deep elf mage (D)
  A manticore (D)
  An elephant (D)
  A merfolk siren (D)
  An orange demon (D)
  A troll (D)
  A floating eye (D)
  An ice beast (D)
  A sky beast (D)
  An orc warrior (D)
  A phantom (D)
  A centaur (D)
  A wolf (D)
  5 wights (D)
  A crimson imp (D)
  2 orc priests (D)
  An iguana (D)
  2 hell rats (D)
  A mummy (D)
  An adder skeleton (D)
  A worm (D)
  A leopard gecko (D)
  2 orcs (D)
  2 bats (D)
  A bat skeleton (D)
  A goblin (D)
  3 quokkas (D)
  A ball python (D)
  A frilled lizard (D)
  A rat (D)
43 creatures vanquished.

Notes
Turn   | Place    | Note
-------+----------+-------------------------------------------
     0 | D        | Kidiri the Deep Elf Fire Elementalist began the quest for the Orb.
     0 | D        | Reached XP level 1. HP: 10/10 MP: 6/6
    50 | D        | Found a radiant altar of Vehumet.
    50 | D        | Found a hide-covered altar of Uskayaw.
    50 | D        | Found an ancient bone altar of Kikubaaqudgha.
    50 | D        | Found a viscous altar of Jiyva.
    50 | D        | Found a hazy altar of Hepliaklqana.
    51 | D        | Found a bloodstained altar of Trog.
    51 | D        | Found a deep blue altar of Sif Muna.
    51 | D        | Found a sacrificial altar of Ru.
    51 | D        | Found a stormy altar of Qazlal.
    51 | D        | Found an iron altar of Okawaru.
    51 | D        | Found a sparkling altar of Nemelex Xobeh.
    51 | D        | Found an opulent altar of Gozag.
    51 | D        | Found a blossoming altar of Fedhas.
    51 | D        | Found a white marble altar of Elyvilon.
    51 | D        | Found a shadowy altar of Dithmenos.
    51 | D        | Found a snail-covered altar of Cheibriados.
    52 | D        | Found a glowing golden altar of the Shining One.
    52 | D        | Found a glowing silver altar of Zin.
    55 | D        | Found a burning altar of Makhleb.
    55 | D        | Found a basalt altar of Yredelemnul.
    55 | D        | Found a roughly hewn altar of Beogh.
    56 | D        | Found a corrupted altar of Lugonu.
    56 | D        | Found a shimmering altar of Xom.
    56 | D        | Found a shattered altar of Ashenzari.
    63 | D        | Became a worshipper of Vehumet
    84 | D        | Reached * piety under Vehumet
    84 | D        | Offered knowledge of Sandblast by Vehumet.
    84 | D        | Reached skill level 4 in Spellcasting
    86 | D        | Reached skill level 1 in Fighting
    86 | D        | Reached XP level 2. HP: 11/16 MP: 5/9
    87 | D        | Reached skill level 1 in Armour
    92 | D        | Learned a level 2 spell: Throw Flame
   191 | D        | Reached ** piety under Vehumet
   228 | D        | Noticed a floating eye
   231 | D        | Killed a floating eye
   231 | D        | Offered knowledge of Shock by Vehumet.
   231 | D        | Reached skill level 7 in Spellcasting
   231 | D        | Reached skill level 5 in Fire Magic
   231 | D        | Reached XP level 3. HP: 21/21 MP: 8/13
   231 | D        | Reached XP level 4. HP: 26/26 MP: 9/15
   237 | D        | Learned a level 3 spell: Conjure Flame
   241 | D        | Learned a level 3 spell: Inner Flame
   246 | D        | Learned a level 4 spell: Sticky Flame
   248 | D        | Learned a level 1 spell: Shock
   312 | D        | Noticed a wolf
   323 | D        | Offered knowledge of Mephitic Cloud by Vehumet.
   323 | D        | Reached *** piety under Vehumet
   323 | D        | Killed a wolf
   323 | D        | Reached skill level 5 in Dodging
   323 | D        | Reached skill level 8 in Spellcasting
   323 | D        | Reached skill level 1 in Air Magic
   323 | D        | Reached XP level 5. HP: 32/32 MP: 2/17
   323 | D        | Reached **** piety under Vehumet
   328 | D        | Learned a level 3 spell: Mephitic Cloud
   374 | D        | Offered knowledge of Olgreb's Toxic Radiance by Vehumet.
   374 | D        | Reached skill level 9 in Spellcasting
   374 | D        | Reached XP level 6. HP: 37/37 MP: 8/20
   374 | D        | Reached skill level 5 in Conjurations
   381 | D        | Learned a level 5 spell: Fireball
   481 | D        | Reached ***** piety under Vehumet
   494 | D        | Noticed a troll
   499 | D        | Killed a troll
   499 | D        | Offered knowledge of Iskenderun's Battlesphere by Vehumet.
   499 | D        | Reached skill level 5 in Short Blades
   499 | D        | Reached skill level 10 in Spellcasting
   499 | D        | Reached XP level 7. HP: 43/43 MP: 8/23
   688 | D        | Offered knowledge of Conjure Ball Lightning by Vehumet.
   690 | D        | Reached skill level 11 in Spellcasting
   769 | D        | Noticed a manticore
   777 | D        | Killed a manticore
   777 | D        | Reached XP level 8. HP: 31/48 MP: 10/25
   778 | D        | Reached skill level 5 in Armour
   781 | D        | Reached skill level 5 in Air Magic
   897 | D        | Gained mutation: You are clumsy. (Dex -2) [potion of mutation]
   897 | D        | Gained mutation: Your muscles are strong. (Str +2) [potion of mutation]
   897 | D        | Gained mutation: You are partially covered in molten scales. (AC +2) [potion of mutation]
   902 | D        | Got the +2 halberd "Agorch" {freeze, rElec rPois rN++}
   990 | D        | Noticed an elephant
  1009 | D        | Killed an elephant
  1009 | D        | Reached skill level 5 in Fighting
  1009 | D        | Reached skill level 12 in Spellcasting
  1155 | D        | Noticed a deep elf mage
  1155 | D        | Noticed a lindwurm
  1155 | D        | Noticed a merfolk siren
  1159 | D        | Offered knowledge of Bolt of Fire by Vehumet.
  1163 | D        | Killed a merfolk siren
  1163 | D        | Reached XP level 9. HP: 54/54 MP: 9/27
  1171 | D        | Killed a deep elf mage
  1171 | D        | Reached skill level 13 in Spellcasting
  1171 | D        | Reached skill level 5 in Poison Magic
  1180 | D        | Learned a level 6 spell: Bolt of Fire
  1315 | D        | Killed a lindwurm
  1376 | D        | Noticed an orange demon
  1378 | D        | Noticed a deep troll
  1380 | D        | Killed an orange demon
  1389 | D        | Killed a deep troll
  1389 | D        | Reached skill level 14 in Spellcasting
  1389 | D        | Reached ****** piety under Vehumet
  1389 | D        | Reached XP level 10. HP: 38/60 MP: 11/30
  1390 | D        | Noticed an anaconda
  1393 | D        | Killed an anaconda
  1393 | D        | Offered knowledge of Poison Arrow by Vehumet.
  1419 | D        | Killed from afar by a bog body

Vault maps used:
D:        pitsprint

Skill      XL: |  1  2  3  4  5  6  7  8  9 10 |
---------------+-------------------------------+-----
Spellcasting   | 4 7 8 9 10 11 12 14 | 14.4
Fighting       | 1 2 3 4 5 6 |  6.5
Dodging        | 3 4 5 6 7 8 9 |  9.9
Armour         | 2 3 4 5 6 |  6.6
Short Blades   | 2 3 4 5 6 7 |  7.8
Conjurations   | 3 4 5 6 7 8 |  8.8
Fire Magic     | 5 6 7 8 9 |  9.4
Air Magic      | 1 2 3 4 5 6 7 |  7.0
Poison Magic   | 2 3 4 6 |  6.8
Stealth        | |  2.4

Action                   |  1- 3 |  4- 6 |  7- 9 | 10-12 || total
-------------------------+-------+-------+-------+-------++-------
Melee: Dagger            |     3 |       |     2 |       ||     5
       Rapier            |       |       |     9 |       ||     9
       Halberd           |       |       |     3 |       ||     3
 Cast: Flame Tongue      |     7 |    24 |    21 |       ||    52
       Throw Flame       |     2 |       |     4 |       ||     6
       Inner Flame       |       |     3 |     1 |       ||     4
       Conjure Flame     |       |     4 |     4 |       ||     8
       Sticky Flame      |       |     2 |     6 |     1 ||     9
       Mephitic Cloud    |       |     1 |     5 |       ||     6
       Fireball          |       |       |     5 |       ||     5
       Shock             |       |       |     2 |       ||     2
       Bolt of Fire      |       |       |     2 |     3 ||     5
  Use: Potion            |       |     1 |     3 |       ||     4
 Stab: Sleeping          |     2 |       |       |       ||     2
       Confused          |       |       |     4 |       ||     4
  Eat: Chunk             |       |       |     2 |       ||     2
Armor: Robe              |       |       |     2 |       ||     2
Dodge: Dodged            |     3 |     1 |    18 |     4 ||    26
